 Dungeon Crawl Stone Soup version 0.30-a0-972-gf3ab3527aa (webtiles) character file.

Game seed: 3110992012120027046

22117 bearlyready the Severer (level 12, -1/160 HPs)
             Began as an Armataur Berserker on Mar 31, 2023.
             Was a High Priest of Trog.
             Slain by a deep elf pyromancer
             ... wielding a +0 long sword
              (7 damage)
             ... on level 14 of the Dungeon on Apr 1, 2023.
             The game lasted 00:18:49 (12702 turns).

bearlyready the Severer (Armataur Berserker)       Turns: 12702, Time: 00:18:50

Health: -1/160     AC: 14    Str: 27    XL:     12   Next: 60%
Magic:  12/12      EV:  8    Int:  7    God:    Trog [*****.]
Gold:   858        SH:  5    Dex: 13    Spells: 11/11 levels left

rFire   . . .      SeeInvis +    a - +5 executioner's axe (flame)
rCold   . . .      Faith    .    (shield currently unavailable)
rNeg    . . .      Spirit   .    R - +3 scale mail of Fanaticism {Dex+2 Slay+6}
rPois   .          Reflect  +    (no helmet)
rElec   .          Roll     +    (no cloak)
rCorr   .                        l - +0 pair of gloves
Will    .....                    (no barding) Stlth
                                 n - amulet of reflection
HPRegen 0.46/turn                h - +4 ring of protection
MPRegen 0.13/turn                f - ring of see invisible

@: berserking, studying Long Blades, very quick
A: large, rugged brown scales 3, deformed body, armoured tail, roll, long
tongue, awkward tongue
a: Renounce Religion, Berserk, Trog's Hand, Brothers in Arms


You were on level 14 of the Dungeon.
You worshipped Trog.
Trog was extremely pleased with you.
You visited 1 branch of the dungeon, and saw 14 of its levels.

You collected 948 gold pieces.
You spent 90 gold pieces at shops.

Inventory:

Hand Weapons
 a - a +5 executioner's axe of flaming (weapon)
 i - the +5 dagger "Munehel" {flame, SInv}
   (You found it on level 4 of the Dungeon)

   SInv:      It lets you see invisible.
 j - a +3 hand axe
 m - the +7 trident of Edagguv {flame, Will+ Dex+2}
   (You found it on level 2 of the Dungeon)

   Dex:       It affects your dexterity (+2).
   Will:      It increases your willpower.
 G - a +1 glaive of draining
 J - the +6 flail of Fumecya {heavy, Fly rF+ rC- Dex+2}
   (You found it on level 8 of the Dungeon)

   Dex:       It affects your dexterity (+2).
   rF:        It protects you from fire.
   rC:        It makes you vulnerable to cold.
   Fly:       It grants you flight.
 U - a +3 antimagic battleaxe
Missiles
 g - 181 stones
 r - 37 poisoned darts (quivered)
 s - 2 curare-tipped darts
 E - a boomerang of dispersal
 I - 9 boomerangs
Armour
 l - a +0 pair of gloves (worn)
 R - the +3 scale mail of Fanaticism (worn) {Dex+2 Slay+6}
   (You found it on level 10 of the Dungeon)

   Dex:       It affects your dexterity (+2).
   Slay:      It affects your accuracy & damage with ranged weapons and melee
   (+6).
Jewellery
 f - a ring of see invisible (right hand)
 h - a +4 ring of protection (left hand)
 n - an amulet of reflection (around neck)
Wands
 p - a wand of flame (75)
 F - a wand of iceblast (15)
 K - a wand of paralysis (12)
 T - a wand of mindburst (6)
 W - a wand of quicksilver (3)
 Y - a wand of polymorph (5)
Scrolls
 b - a scroll of vulnerability {unknown}
 d - 5 scrolls of noise
 k - a scroll of magic mapping
 t - 2 scrolls of enchant armour
 u - a scroll of brand weapon {unknown}
 v - 2 scrolls of blinking
 w - 8 scrolls of teleportation
 x - 2 scrolls of fear
 y - 2 scrolls of amnesia
 z - 2 scrolls of fog
 A - a scroll of torment {unknown}
 C - 2 scrolls of enchant weapon
 D - a scroll of silence {unknown}
 Q - a scroll of butterflies {unknown}
 Z - 2 scrolls of poison
Potions
 c - 3 potions of degeneration
 e - 2 potions of mutation
 o - 3 potions of brilliance
 q - a potion of haste
 B - 4 potions of curing
 M - a potion of invisibility {unknown}
 N - 2 potions of heal wounds
 O - 2 potions of might
 P - a potion of attraction
 S - 2 potions of cancellation {unknown}
 X - a potion of magic {unknown}
Miscellaneous
 L - a phial of floods


   Skills:
 + Level 7.2 Fighting
 + Level 15.8 Axes
 - Level 5.0 Throwing
 - Level 2.4 Armour
 - Level 1.3 Dodging
 - Level 4.0 Evocations


You had 11 spell levels left.
You didn't know any spells.
Your spell library was empty.

Dungeon Overview and Level Annotations

Branches:
Dungeon (14/15)            Temple (0/1) D:5            Lair (0/5) D:9
    Orc (0/2) D:10
 Vaults: D:13-14

Altars:
Ashenzari
Cheibriados
Fedhas
Gozag
Hepliaklqana
Makhleb
Okawaru
Sif Muna
Trog
Uskayaw
Vehumet
Wu Jian
Xom
Zin

Shops:
D:5 *   D:12 (


Innate Abilities, Weirdness & Mutations

You are completely covered in rugged brown scales. (AC +3, +7% HP)
Armour fits poorly on your strangely shaped body.
You have a long armoured tail.
You roll when moving toward enemies. (Rampage)
Your long tongue fully drains potion bottles. (2x potion effects)
Your tongue gives you trouble enunciating. (1.5x scroll delay)


Message History

The centaur warrior is heavily wounded.
You slash the guardian serpent! You burn the guardian serpent.
You feel the power of Trog in you as your rage grows.
You kill the guardian serpent!
Trog accepts your kill.
Trog appreciates your killing of a magic user.
The centaur warrior hits you but does no damage.
The centaur warrior kicks you.
* * * LOW HITPOINT WARNING * * *
Your Fighting skill increases to level 7!
You barely miss the centaur warrior.
The centaur warrior is heavily wounded.
The centaur warrior hits you but does no damage.
The centaur warrior kicks you but does no damage.
A deep elf pyromancer comes into view. It is wielding a +0 long sword.
You barely miss the centaur warrior.
The centaur warrior is heavily wounded.
The deep elf pyromancer shouts!
The centaur warrior hits you!
* * * LOW HITPOINT WARNING * * *
The centaur warrior kicks you but does no damage.
You barely miss the centaur warrior.
The centaur warrior is heavily wounded.
The centaur warrior hits you!
* * * LOW HITPOINT WARNING * * *
The centaur warrior kicks you but does no damage.
The centaur warrior hits you but does no damage.
The centaur warrior kicks you but does no damage.
You closely miss the centaur warrior.
The centaur warrior is heavily wounded.
The centaur warrior hits you.
* * * LOW HITPOINT WARNING * * *
The centaur warrior barely misses you.
You slice the centaur warrior!! You burn the centaur warrior.
You kill the centaur warrior!
Trog accepts your kill.
You slash the deep elf pyromancer! You burn the deep elf pyromancer.
The deep elf pyromancer is moderately wounded.
The deep elf pyromancer hits you with a +0 long sword!
You die...

.# #.# #.# .# #.# #.#
## .# #.# #.# # ...
.# #.# #.# .#...# #
.# #.# ##.#####...#
#.. ## #.#
#........###...# #.#
#..#...###...# #
#.####....##..).#....
#..##...####.@e...#
#.....### #.###....)#
#...### #.# #....
#.### #.# #.. ...#
..# # ###.# ### #.#
..# ..


You could see a deep elf pyromancer.

Vanquished Creatures
  A centaur warrior (D:14)
  4 two-headed ogres
  A fire crab (shapeshifter) (D:14)
  Pikel (D:5)
  A deep elf pyromancer (D:12)
  2 ugly things
  2 manticores
  A cyclops (D:11)
  A guardian serpent (shapeshifter) (D:14)
  Psyche (D:8)
  8 kobold demonologists
  Maggie (D:7)
  A freezing wraith (D:14)
  An unseen horror (D:11)
  4 trolls
  2 komodo dragons (D:9)
  A slime creature (D:14)
  2 shadows
  4 wraiths
  3 wyverns
  26 yaks
  A water moccasin (D:5)
  2 sky beasts (D:7)
  A black bear (D:9)
  5 orc warriors
  3 ogres
  3 centaurs
  3 phantoms
  9 kobold brigands
  5 bullfrogs
  A gnoll sergeant (D:9)
  3 scorpions (D:6)
  7 wights
  24 killer bees
  3 electric eels (D:10)
  3 howler monkeys
  2 quasits (D:5)
  7 orc priests
  2 hounds (D:6)
  2 jellies
  5 sleepcaps
  6 iguanas
  15 orc wizards
  3 adders (D:2)
  12 gnolls
  3 shadow imps (D:5)
  2 white imps (D:5)
  4 ufetubi
  A worm (D:2)
  4 dart slugs
  30 orcs
  6 ball pythons
  A bat (D:2)
  8 endoplasms
  3 giant cockroaches
  3 goblins
  12 hobgoblins
  6 jackals
  4 quokkas
  A frilled lizard (D:1)
  55 kobolds
  6 rats
344 creatures vanquished.

Vanquished Creatures (others)
  25 fungi (D:9)
  10 plants (D:9)
35 creatures vanquished.

Grand Total: 379 creatures vanquished

Notes
Turn   | Place    | Note
-------+----------+-------------------------------------------
     0 | D:1      | bearlyready the Armataur Berserker began the quest for the
                  | Orb.
     0 | D:1      | Reached XP level 1. HP: 19/19 MP: 1/1
   195 | D:1      | Reached XP level 2. HP: 26/26 MP: 2/2
   199 | D:1      | Reached skill level 3 in Axes
   645 | D:2      | Reached ** piety under Trog
   682 | D:2      | Reached XP level 3. HP: 28/32 MP: 3/3
  1058 | D:2      | Reached skill level 4 in Axes
  1154 | D:2      | Identified the +7 trident of Edagguv {flame, Will+ Dex+2}
  1164 | D:2      | Reached XP level 4. HP: 39/39 MP: 4/4
  1686 | D:3      | Found a hide-covered altar of Uskayaw.
  1687 | D:3      | Found a snail-covered altar of Cheibriados.
  1689 | D:3      | Found a hazy altar of Hepliaklqana.
  1813 | D:3      | Found an iron altar of Okawaru.
  2083 | D:4      | Noticed an ogre
  2086 | D:4      | Killed an ogre
  2087 | D:4      | Reached skill level 5 in Axes
  2087 | D:4      | Reached XP level 5. HP: 44/44 MP: 5/5
  2159 | D:4      | Noticed a phantom
  2165 | D:4      | Killed a phantom
  2166 | D:4      | Reached XP level 6. HP: 43/53 MP: 6/6
  2170 | D:4      | Reached skill level 6 in Axes
  2230 | D:4      | Reached *** piety under Trog
  2819 | D:4      | Reached XP level 7. HP: 27/59 MP: 7/7
  2835 | D:4      | Identified the +5 dagger "Munehel" {flame, SInv}
  2991 | D:4      | Reached skill level 7 in Axes
  3147 | D:4      | Reached **** piety under Trog
  3273 | D:5      | Entered Level 5 of the Dungeon
  3398 | D:5      | Noticed Pikel
  3429 | D:5      | Killed Pikel
  3430 | D:5      | Reached skill level 8 in Axes
  3430 | D:5      | Reached XP level 8. HP: 55/66 MP: 8/8
  3553 | D:5      | Found a staircase to the Ecumenical Temple.
  3611 | D:5      | Reached skill level 9 in Axes
  3995 | D:5      | Found Ufodaant's Assorted Antiques.
  4059 | D:5      | Bought a potion of curing for 90 gold pieces
  4399 | D:6      | Reached skill level 10 in Axes
  4497 | D:6      | Reached XP level 9. HP: 54/72 MP: 9/9
  4641 | D:6      | Found an opulent altar of Gozag.
  4681 | D:6      | Found a burning altar of Makhleb.
  4681 | D:6      | Noticed a blizzard demon
  5620 | D:7      | Reached ***** piety under Trog
  5653 | D:7      | Noticed an angel
  5676 | D:7      | Found a shimmering altar of Xom.
  5678 | D:7      | Found a glowing silver altar of Zin.
  5696 | D:7      | Noticed Maggie
  5710 | D:7      | Killed Maggie
  5711 | D:7      | Reached skill level 11 in Axes
  5981 | D:7      | Reached skill level 12 in Axes
  6221 | D:7      | Reached XP level 10. HP: 75/75 MP: 10/10
  6726 | D:8      | Reached skill level 13 in Axes
  7072 | D:8      | Identified the +6 flail of Fumecya {heavy, Fly rF+ rC-
                  | Dex+2}
  7313 | D:8      | Found a broken altar of Ashenzari.
  7361 | D:8      | Reached skill level 14 in Axes
  7631 | D:8      | Noticed Psyche
  7636 | D:8      | Killed Psyche
  7748 | D:8      | Found a bloodstained altar of Trog.
  7865 | D:8      | Found a blossoming altar of Fedhas.
  8027 | D:9      | Found a shimmering blue altar of Sif Muna.
  8106 | D:9      | Reached XP level 11. HP: 60/86 MP: 11/11
  8663 | D:9      | Found a staircase to the Lair.
  8807 | D:9      | Found an ornate altar of the Wu Jian Council.
  9110 | D:10     | Entered Level 10 of the Dungeon
  9346 | D:10     | Identified the +3 scale mail of Fanaticism {Dex+2 Slay+6}
  9453 | D:10     | Received a gift from Trog
  9504 | D:10     | Noticed a two-headed ogre
  9516 | D:10     | Killed a two-headed ogre
  9517 | D:10     | Reached skill level 1 in Throwing
  9517 | D:10     | Reached skill level 1 in Evocations
  9909 | D:10     | Found a radiant altar of Vehumet.
 10053 | D:10     | Noticed a two-headed ogre
 10064 | D:10     | Killed a two-headed ogre
 10446 | D:10     | Noticed a soul eater
 10463 | D:10     | Reached skill level 15 in Axes
 10753 | D:10     | Found a staircase to the Orcish Mines.
 10973 | D:11     | Noticed a two-headed ogre
 11136 | D:11     | Noticed a brown ugly thing
 11143 | D:11     | Killed a brown ugly thing
 11208 | D:11     | Reached skill level 5 in Fighting
 11222 | D:11     | Reached XP level 12. HP: 100/100 MP: 12/12
 11446 | D:11     | Killed a two-headed ogre
 11910 | D:12     | Received a gift from Trog
 12111 | D:12     | Noticed a two-headed ogre
 12115 | D:12     | Killed a two-headed ogre
 12116 | D:12     | Reached skill level 5 in Throwing
 12518 | D:12     | Found Visozxeq's Weapon Boutique.
 12519 | D:12     | You fall into a shaft and drop 2 floors!
 12570 | D:13     | Noticed a tengu warrior
 12570 | D:13     | Noticed a tengu warrior
 12690 | D:14     | Noticed a centaur warrior
 12699 | D:14     | HP: 8/160 [centaur warrior (11)]
 12701 | D:14     | Killed a centaur warrior
 12702 | D:14     | Slain by a deep elf pyromancer

Illustrated notes

Levels and vault maps discovered:
D:1:      spicycebolla_green_bress_n_ham_2, layout_basic
D:2:      layout_loops_ring
D:3:      layout_loops_ring, okawaru_ov_weapons_minmay,
          chequers_temple_overflow_statue_of_worship
D:4:      minmay_goblin_kobold_castle, layout_loops_ring
D:5:      layout_gridville, minmay_temple_entry_statues_pillars, serial_demonic,
          serial_demonic_a, serial_demonic_b, serial_demonic_b,
          serial_demonic_d, serial_shops, nicolae_shop_hallway_plus, uniq_pikel
D:6:      layout_layer_cave, grunt_gozag_statues, makhleb_altar_promises_db
D:7:      layout_gridville, grunt_temple_overflow_order_and_chaos_1, uniq_maggie
D:8:      layout_loops_ring, bloody_trog, ashenzari_altar_1,
          mainiacjoe_overflow_alcove_1, uniq_psyche
D:9:      layout_basic, led_sif_book, nicolae_overflow_hidden_temple,
          nzn_wu_jian_contemplation, grunt_lair_entry_orc_guard_hut
D:10:     layout_irregular_city, vehumet_crystals, erik_orc_2
D:11:     layout_cave_pools
D:12:     layout_gridville, serial_shops, shop, hangedman_decor_growths,
          zin_scriptorium
D:13:     mludivico_vault, layout_basic, lightli_vaults_fourway_checkpoint
D:14:     minmay_the_grid_triangle_9x9_rhombus_thin_mashed
          [minmay_the_grid_triangle_9x9_minimal,
          minmay_the_grid_triangle_9x9_prize_insulated,
          minmay_the_grid_triangle_9x9_descending_squares,
          minmay_the_grid_triangle_9x9_stretched_checkered], layout_loops_ring,
          old_standard_altar, minivault_25_ag, corexii_leaking_fountain,
          uniq_rupert

Skill      XL: |  1  2  3  4  5  6  7  8  9 10 11 12 |
---------------+-------------------------------------+-----
Axes           | 3 4 5 6 8 10 12 14 15 | 15.8
Fighting       | 5 7 |  7.2
Throwing       | 4 5 |  5.0
Evocations     | 4 |  4.0
Armour         | |  2.4
Dodging        | |  1.3

Action                     |  1- 3 |  4- 6 |  7- 9 | 10-12 || total
---------------------------+-------+-------+-------+-------++-------
  Melee: Hand axe          |   102 |       |       |       ||   102
         Tailslap          |    12 |    11 |    23 |    79 ||   125
         Trident           |     4 |    92 |   279 |   429 ||   804
         Punch             |       |     1 |     4 |     9 ||    14
         Executioner's axe |       |       |       |    41 ||    41
  Throw: Dart              |       |       |       |     5 ||     5
 Invoke: Berserk           |       |     2 |     3 |     7 ||    12
  Evoke: Wand              |       |       |       |    13 ||    13
    Use: Potion            |       |     2 |       |     1 ||     3
         Scroll            |       |       |     9 |     8 ||    17
   Stab: Paralysed         |       |       |       |     4 ||     4
 Armour: Animal skin       |    30 |       |       |       ||    30
         Ring mail         |    11 |    62 |   106 |       ||   179
         Acid dragon scale |       |       |     9 |    86 ||    95
         Scale mail        |       |       |       |    92 ||    92
  Dodge: Dodged            |    41 |    41 |   111 |   144 ||   337
  Block: Other             |       |    23 |    51 |    71 ||   145
         Reflection        |       |     2 |     1 |     3 ||     6

Table legend: (Time is in decaauts)
 A = Elapsed time spent in this place.
 B = Non-inter-level travel time spent in this place.
 C = Inter-level travel time spent in this place.
 D = Time resting spent in this place.
 E = Time spent auto-exploring this place.
 F = Levels seen in this place.
 G = Mean time per level.
                   A        B        C        D        E       F      G
               +--------+--------+--------+--------+--------+-----+--------+
         Total |  12766 |  12477 |    289 |    709 |   9660 |  14 |  911.9 |
       Dungeon |  12766 |  12477 |    289 |    709 |   9660 |  14 |  911.9 |
               +--------+--------+--------+--------+--------+-----+--------+

Top non-repeatable levels by time:
     D:8: 1753 daAuts
    D:10: 1742 daAuts
     D:6: 1369 daAuts
     D:4: 1274 daAuts
     D:9: 1058 daAuts
     D:5: 983 daAuts
     D:7: 911 daAuts
     D:2: 900 daAuts
    D:11: 763 daAuts
    D:12: 680 daAuts
     D:3: 574 daAuts
     D:1: 571 daAuts
    D:14: 182 daAuts
    D:13: 1 daAuts
